 Dungeon Crawl Stone Soup version 0.28-a0-1038-g9c4cb8273d (webtiles) character file.

Game seed: 12442866202291456710

120 Htamos the Conjurer (level 5, -6/39 HPs)
             Began as a Human Conjurer on Dec 8, 2021.
             Killed from afar by an orc wizard (9 damage)
             ... with a magic dart
             ... on level 3 of the Dungeon.
             The game lasted 00:05:17 (3187 turns).

Htamos the Conjurer (Human Conjurer)                Turns: 3187, Time: 00:05:18

Health: -6/39      AC:  1    Str:  9    XL:     5   Next: 25%
Magic:  8/8        EV: 12    Int: 21    God:
Gold:   141        SH:  0    Dex: 13    Spells: 8/9 levels left

rFire   . . .      SeeInvis .   j - +3 whip
rCold   . . .      Faith    .   (no shield)
rNeg    . . .      Spirit   .   a - +0 robe
rPois   .          Reflect  .   (no helmet)
rElec   .          Harm     .   (no cloak)
rCorr   .          Rampage  .   (no gloves)
Will    .....                   (no boots)
Stlth   ++........              (no amulet)
HPRegen 0.13/turn               (no ring)
MPRegen 0.11/turn               (no ring)

@: no status effects
A: agile 1, clever 1, deformed body
a: no special abilities


You were on level 3 of the Dungeon.
You visited 1 branch of the dungeon, and saw 3 of its levels.

You collected 141 gold pieces.

Inventory:

Hand Weapons
 d - a +0 whip
 j - a +3 whip (weapon)
Armour
 a - a +0 robe (worn)
 g - a +0 kite shield
Magical Staves
 e - a staff of fire
Jewellery
 i - a ring of positive energy
Scrolls
 b - a scroll of fog


   Skills:
 * Level 2.6 Fighting
 + Level 2.5 Dodging
 - Level 2.0 Stealth
 + Level 1.1 Shields
 + Level 2.6 Spellcasting
 + Level 4.5 Conjurations


You had 8 spell levels left.
You knew the following spells:

 Your Spells              Type           Power      Damage    Failure   Level
a - Magic Dart            Conj           84%        1d7       2%          1

Your spell library contained the following spells:

 Spells                   Type           Power      Damage    Failure   Level
 Searing Ray              Conj           42%        2d6       3%          2
 Dazzling Flash           Conj/Hex       24%        N/A       17%         3
 Stone Arrow              Conj/Erth      24%        3d8       17%         3
 Fulminant Prism          Conj/Hex       6%         3d7       50%         4
 Iskenderun's Mystic Bla  Conj/Tloc      12%        2d5       50%         4
 Animate Armour           Summ/Erth      4%         N/A       80%         4
 Lehudib's Crystal Spear  Conj/Erth      6%         10d3      100%        8


Dungeon Overview and Level Annotations

Branches:
Dungeon (3/15)

Altars:
Beogh


Innate Abilities, Weirdness & Mutations

You are agile. (Dex +2)
Your mind is acute. (Int +2)
Armour fits poorly on your strangely shaped body.


Message History

You bump into the rock wall.
You're too confused to move!
The orc wizard hits you with a +0 dagger.
* * * LOW HITPOINT WARNING * * *
Unknown command.
The orc wizard misses you.
Unknown command.
You hit the orc wizard but do no damage.
The orc wizard hits you with a +0 dagger.
* * * LOW HITPOINT WARNING * * *
Unknown command.
You hit the orc wizard but do no damage.
The orc wizard gestures at you while chanting.
The puff of flame hits you!
* * * LOW HITPOINT WARNING * * *
Unknown command.
You aren't carrying any potions.
You are too confused!
You feel less confused.
You see here a +0 hunting sling.
As you read the scroll labelled XOPETU SALL, it crumbles to dust.
The scroll dissolves into smoke.
It was a scroll of fog.
The orc wizard hits you with a +0 dagger.
* * * LOW HITPOINT WARNING * * *
Unknown command.
As you read the scroll labelled YVVAYMM RUQU, it crumbles to dust.
The creatures around you are filled with an inner flame!
It was a scroll of immolation.
The orc wizard hits you with a +0 dagger.
* * * LOW HITPOINT WARNING * * *
As you read the scroll labelled SIOXURA KOMAPN, it crumbles to dust.
It is a scroll of amnesia.
Really abort (and waste the scroll)?
Okay, then.
The orc wizard closely misses you.
As you read the scroll labelled LYNIET CIYNKE, it crumbles to dust.
Wisps of shadow whirl around you...
It was a scroll of summoning.
The orc wizard gestures at you while chanting.
The magic dart hits you!
You die...

#.........)# ###.....
###..........# #..####
#............## #.## #
.#>..........### #.#####
#.....<........# #.#.... .
##.###########.#####.#....
....#..##### #............
#..........w#####
#.....###.###
#...##.####.Jo@§###.#.#.#
#.## #.. #.
#####b##.....o# #†.# ## ..
g§.......# ##o# ...
........o# ... ...
.##......##$8o8$ ?[>.
.##.......#$oo..
###......##o8$8$
#.....<###.o{#
#........#####


You could see an orc wizard (inner flame, ally target), an endoplasm (inner
flame), a friendly goblin (summoned) and a friendly bat (summoned).

Vanquished Creatures
  3 adders
  2 worms (D:2)
  3 dart slugs
  3 orcs (D:3)
  4 ball pythons
  6 bats (D:1)
  6 endoplasms
  5 giant cockroaches
  9 hobgoblins
  3 jackals (D:2)
  2 quokkas
  4 frilled lizards
  2 goblins
  9 kobolds
  12 rats
73 creatures vanquished.

Notes
Turn   | Place    | Note
-------+----------+-------------------------------------------
     0 | D:1      | Htamos the Human Conjurer began the quest for the Orb.
     0 | D:1      | Reached XP level 1. HP: 13/13 MP: 3/3
   219 | D:1      | Found a faded altar of an unknown god.
   256 | D:1      | Reached XP level 2. HP: 20/20 MP: 0/5
   339 | D:1      | Reached skill level 1 in Fighting
   489 | D:1      | Reached XP level 3. HP: 26/26 MP: 1/6
  1422 | D:2      | Reached XP level 4. HP: 33/33 MP: 5/7
  2443 | D:2      | Gained mutation: You are agile. (Dex +2) [potion of
                  | mutation]
  2443 | D:2      | Gained mutation: Armour fits poorly on your strangely
                  | shaped body. [potion of mutation]
  2443 | D:2      | Gained mutation: Your mind is acute. (Int +2) [potion of
                  | mutation]
  2606 | D:3      | Reached skill level 1 in Shields
  2618 | D:3      | Reached XP level 5. HP: 33/39 MP: 1/8
  3187 | D:3      | Killed from afar by an orc wizard

Illustrated notes

Levels and vault maps discovered:
D:1:      heliophobic_arrival_henge, layout_rooms,
          ebering_ecumenical_altar_sacrificial, minmay_pentomino_p4
D:2:      layout_loops_cross
D:3:      layout_rooms, kennysheep_orc_chapel

Skill      XL: |  1  2  3  4 |
---------------+-------------+-----
Fighting       | 1 2 |  2.6
Shields        | 1 |  1.1
Dodging        | |  2.5
Stealth        | |  2.0
Spellcasting   | |  2.6
Conjurations   | |  4.5

Action                   |  1- 3 |  4- 6 || total
-------------------------+-------+-------++-------
Melee: Whip              |    35 |    22 ||    57
 Cast: Magic Dart        |    75 |    80 ||   155
  Use: Potion            |     1 |     3 ||     4
       Scroll            |       |     4 ||     4
 Stab: Sleeping          |       |     1 ||     1
Armor: Robe              |     6 |     3 ||     9
       Skin              |     1 |       ||     1
Dodge: Dodged            |    24 |    23 ||    47

Table legend: (Time is in decaauts)
 A = Elapsed time spent in this place.
 B = Non-inter-level travel time spent in this place.
 C = Inter-level travel time spent in this place.
 D = Time resting spent in this place.
 E = Time spent auto-exploring this place.
 F = Levels seen in this place.
 G = Mean time per level.
                   A        B        C        D        E       F      G
               +--------+--------+--------+--------+--------+-----+--------+
         Total |   3192 |   3133 |     59 |    319 |   2280 |   3 | 1064.0 |
       Dungeon |   3192 |   3133 |     59 |    319 |   2280 |   3 | 1064.0 |
               +--------+--------+--------+--------+--------+-----+--------+

Top non-repeatable levels by time:
     D:2: 1843 daAuts
     D:1: 1029 daAuts
     D:3: 318 daAuts
